 Dungeon Crawl Stone Soup version 0.29-a0-284-gf9362112df (webtiles) character file.

Game seed: 16056675188250994145

743 ders the Magician (level 8, -1/50 HPs)
             Began as a Djinni Fire Elementalist on Mar 24, 2022.
             Slain by an ogre
             ... wielding a +0 giant club
              (14 damage)
             ... on level 5 of the Dungeon.
             The game lasted 00:05:50 (5806 turns).

ders the Magician (Djinni Fire Elementalist)        Turns: 5806, Time: 00:05:51

Health: -1/50      AC:  2    Str:  7    XL:     8   Next: 5%
Gold:   304        EV: 12    Int: 20    God:
                   SH:  0    Dex: 13

rFire   + + .      SeeInvis .   u - +3 whip (chaos)
rCold   x . .      Faith    .   (no shield)
rNeg    . . .      Spirit   .   a - +0 robe
rPois   ∞          Reflect  .   (no helmet)
rElec   .          Harm     .   (no cloak)
rCorr   .          Rampage  .   (no gloves)
Will    .....                   (boots unavailable)
Stlth   ++........              (no amulet)
HPRegen 0.16/turn               (no ring)
MPRegen 0.00/turn               (no ring)

@: flying
A: sickness immunity, fire resistance 2, cold vulnerability 1, float, innate
caster, HP casting, extra vitality 1
a: no special abilities


You were on level 5 of the Dungeon.
You visited 1 branch of the dungeon, and saw 5 of its levels.
You also visited: Ossuary.

You collected 334 gold pieces.
You spent 30 gold pieces at shops.

Inventory:

Hand Weapons
 u - a +3 whip of chaos (weapon)
Missiles
 c - 78 stones
Armour
 a - a +0 robe (worn)
Wands
 j - a wand of flame (12)
Scrolls
 d - 2 scrolls of teleportation
 f - a scroll of enchant weapon
 h - a scroll of identify
 m - a scroll of fear
 n - 2 scrolls of fog
 q - a scroll of torment {unknown}
 s - a scroll of vulnerability {unknown}
Potions
 b - 4 potions of attraction {unknown}
 e - 2 potions of curing
 g - a potion of heal wounds
 i - a potion of mutation {unknown}
 k - a potion of degeneration {unknown}
 l - a potion of magic {unknown}
 o - 2 potions of lignification {unknown}
 p - 2 potions of might {unknown}
 r - a potion of ambrosia {unknown}
 t - a potion of brilliance {unknown}


   Skills:
 - Level 2.1 Dodging
 - Level 1.5 Stealth
 + Level 6.8 Spellcasting


You had one spell level left.
You knew the following spells:

 Your Spells              Type           Power      Damage    Failure   Level
a - Foxfire               Conj/Fire      100%       2x1d9     1%          1
b - Stone Arrow           Conj/Erth      68%        3d11      1%          3
c - Conjure Flame         Conj/Fire      34%        6-21      1%          3
d - Inner Flame           Hex/Fire       34%        N/A       1%          3
e - Flame Wave            Conj/Fire      34%        2d8       5%          4
f - Sandblast             Erth           68%        2d15      1%          1
g - Searing Ray           Conj           68%        2d6       1%          2
h - Scorch                Fire           68%        2d8       1%          2
Your spell library was empty.

Dungeon Overview and Level Annotations

Branches:
Dungeon (5/15)            Ossuary (visited)
 Temple: D:4-7

Altars:
Ashenzari
Xom

Shops:
D:1 [?[![   D:4 :


Innate Abilities, Weirdness & Mutations

You are immune to sickness and miasma.
You are immune to poison.
Your flesh is very heat resistant. (rF++)
You are vulnerable to cold. (rC-)
You float through the air rather than walking.
You learn spells naturally, not from books.
Your magical power is your life essence.
You have superior vitality. (+4 MHP)


Message History

The ogre shouts!
Casting: Stone Arrow (safe; 1% risk of failure)
Confirm with . or Enter, or press ? or * to list all spells.
Aiming: Stone Arrow (safe; 1% risk of failure)
Press: ? - help, Shift-Dir - straight line, f - ogre
Aim: an ogre, wielding a +0 giant club (88% to hit)
The stone arrow misses the ogre.
Unknown command.
Casting: Stone Arrow (safe; 1% risk of failure)
Confirm with . or Enter, or press ? or * to list all spells.
Aiming: Stone Arrow (safe; 1% risk of failure)
Press: ? - help, Shift-Dir - straight line, f/p - ogre
Aim: an ogre, wielding a +0 giant club (88% to hit)
The stone arrow misses the ogre.
Unknown command.
Casting: Stone Arrow (safe; 1% risk of failure)
Confirm with . or Enter, or press ? or * to list all spells.
Aiming: Stone Arrow (safe; 1% risk of failure)
Press: ? - help, Shift-Dir - straight line, f/p - ogre
Aim: an ogre, wielding a +0 giant club (88% to hit)
The stone arrow hits the ogre!
The ogre is severely wounded.
The ogre hits you with a +0 giant club!!
Unknown command.
Casting: Stone Arrow (safe; 1% risk of failure)
Confirm with . or Enter, or press ? or * to list all spells.
Aiming: Stone Arrow (safe; 1% risk of failure)
Press: ? - help, Shift-Dir - straight line, f/p - ogre
Aim: an ogre, wielding a +0 giant club (heavily wounded, 88% to hit)
The stone arrow misses the ogre.
Unknown command.
Casting: Stone Arrow (safe; 1% risk of failure)
Confirm with . or Enter, or press ? or * to list all spells.
Aiming: Stone Arrow (safe; 1% risk of failure)
Press: ? - help, Shift-Dir - straight line, f/p - ogre
Aim: an ogre, wielding a +0 giant club (heavily wounded, 88% to hit)
The stone arrow misses the ogre.
* * * LOW HITPOINT WARNING * * *
The ogre hits you with a +0 giant club!
You die...

# ## ## #### .##. ##...
... #..## #..######
#.### #.###..
....########....
#......####...........##
#....O@..?.............
#....†###.............#
...........###.....###.#
#.....####.#####_#####..
...... #.###.....###..
.#.... #.............#
#### ?..#####.....###
##.. ####.## # #.#


You could see an ogre.

Vanquished Creatures
  An ogre (D:4)
  6 water moccasin zombies (Ossuary)
  3 hounds
  An iguana (D:4)
  3 mummies
  7 adders
  4 adder zombies (Ossuary)
  2 worms (D:2)
  4 orcs
  5 ball pythons
  5 bats
  7 endoplasms
  3 giant cockroaches
  A gnoll zombie (Ossuary)
  5 goblins
  5 hobgoblins
  12 kobolds
  5 quokkas
  3 frilled lizards
  5 hobgoblin zombies (Ossuary)
  6 kobold zombies (Ossuary)
  6 orc zombies (Ossuary)
  10 rats
109 creatures vanquished.

Vanquished Creatures (others)
  208 foxfires
208 creatures vanquished.

Grand Total: 317 creatures vanquished

Notes
Turn   | Place    | Note
-------+----------+-------------------------------------------
     0 | D:1      | ders the Djinni Fire Elementalist began the quest for the
                  | Orb.
     0 | D:1      | Reached XP level 1. HP: 15/15 MP: 0/0
   107 | D:1      | Found Ashrevush's Armour Shop.
   350 | D:1      | Reached XP level 2. HP: 18/21 MP: 0/0
   542 | D:1      | Reached skill level 3 in Spellcasting
   776 | D:1      | Reached XP level 3. HP: 22/25 MP: 0/0
   776 | D:1      | Learned a level 1 spell: Sandblast
   837 | D:1      | Found Coheetea's Magic Scroll Boutique.
   888 | D:1      | Found Itwowaaxt's Antique Armour Boutique.
   982 | D:1      | Found Haari's Antique Armour Emporium.
  1035 | D:1      | Found Okyawn's Distillery.
  1043 | D:1      | Bought a potion of curing for 30 gold pieces
  1755 | D:2      | Reached XP level 4. HP: 26/31 MP: 0/0
  3148 | D:4      | Found Axtahe's Self-Improvement Boutique.
  3195 | D:4      | Reached skill level 4 in Spellcasting
  3195 | D:4      | Reached XP level 5. HP: 16/35 MP: 0/0
  3195 | D:4      | Learned a level 2 spell: Searing Ray
  3195 | D:4      | Found a sand-covered staircase.
  3203 | Ossuary  | Entered an ossuary
  3643 | Ossuary  | Reached XP level 6. HP: 27/40 MP: 0/0
  3794 | Ossuary  | Reached skill level 5 in Spellcasting
  4072 | Ossuary  | Reached XP level 7. HP: 13/45 MP: 0/0
  4072 | Ossuary  | Learned a level 3 spell: Stone Arrow
  4320 | Ossuary  | Reached skill level 6 in Spellcasting
  4767 | D:4      | Found a large runed translucent door.
  4767 | D:4      | Found a large runed translucent door.
  5002 | D:4      | Found a shimmering altar of Xom.
  5760 | D:5      | Entered Level 5 of the Dungeon
  5777 | D:5      | Found a broken altar of Ashenzari.
  5796 | D:5      | Reached XP level 8. HP: 47/50 MP: 0/0
  5806 | D:5      | Slain by an ogre

Illustrated notes

Levels and vault maps discovered:
D:1:      onia_arrival_handbag, layout_loops_ring, serial_shops,
          nicolae_shop_hallway_stairs, shop_statue, shop, shop,
          nicolae_shop_behind_doors
D:2:      layout_loops_ring, hangedman_decor_peaks_small
D:3:      layout_loops_ring
D:4:      due_chaos_kobolds, layout_basic, gup_ossuary_entry_pyramid,
          nicolae_shop_self_help
D:5:      layout_rooms, nicolae_dithmenos_the_darkroom,
          cheibrodos_ashenzari_chains

Skill      XL: |  1  2  3  4  5  6  7 |
---------------+----------------------+-----
Spellcasting   | 3 4 5 6 |  6.8
Dodging        | |  2.1
Stealth        | |  1.5

Action                   |  1- 3 |  4- 6 |  7- 9 || total
-------------------------+-------+-------+-------++-------
Melee: Unarmed           |       |     2 |       ||     2
 Cast: Foxfire           |    67 |    63 |    10 ||   140
       Sandblast         |    11 |    32 |       ||    43
       Scorch            |       |     2 |       ||     2
       Stone Arrow       |       |       |    37 ||    37
  Use: Scroll            |       |     2 |     4 ||     6
       Potion            |       |     1 |       ||     1
Armor: Robe              |     4 |     4 |     1 ||     9
Dodge: Dodged            |     9 |    22 |     7 ||    38

Table legend: (Time is in decaauts)
 A = Elapsed time spent in this place.
 B = Non-inter-level travel time spent in this place.
 C = Inter-level travel time spent in this place.
 D = Time resting spent in this place.
 E = Time spent auto-exploring this place.
 F = Levels seen in this place.
 G = Mean time per level.
                   A        B        C        D        E       F      G
               +--------+--------+--------+--------+--------+-----+--------+
         Total |   5804 |   5699 |    105 |   1170 |   3936 |   6 |  967.3 |
       Dungeon |   4379 |   4274 |    105 |    105 |   3677 |   5 |  875.8 |
       Ossuary |   1425 |   1425 |      0 |   1065 |    259 |   1 | 1425.0 |
               +--------+--------+--------+--------+--------+-----+--------+

Top non-repeatable levels by time:
 Ossuary: 1425 daAuts
     D:2: 1248 daAuts
     D:4: 1197 daAuts
     D:1: 1168 daAuts
     D:3: 718 daAuts
     D:5: 45 daAuts
